cohdb
Replays
Latest Replays
All Replays
Popular Replays
Top Player Replays
Match Explorer
How It Works
Community
CoH3 Stats
Reddit
Sign in to upload your games and track your stats! →
Sign in with Steam
Match 41447437
Unlisted
Match 41447437
Overview
Messages
Build Orders
End
Construct Barracks
Selects Special Operations Battlegroup
Selects M29 Weasel Recon Vehicle
M29 Weasel Recon Vehicle
Riflemen Squad
Riflemen Squad
Riflemen Squad
Infantry Support Center
Construct Motor Pool
Selects Smoke Screen
M1 Anti-tank Gun Team
Selects SSF Commando Squad
M8 Greyhound Armored Car
Engineer Squad
Construct Medical Station
Grenade Package
Selects Mark Vehicle
SSF Commando Squad
Selects M4A1 Sherman Whizbang
M4A1 Sherman Whizbang
M1 Anti-tank Gun Team
M1918 Browning Automatic Rifles
SSF Commando Squad
Selects Assault Operation
Engineer Squad
Doc
BIOHAZARD
0
0
Comments
sign in to comment!
No comments posted yet!